 Dungeon Crawl Stone Soup version 0.20-a0-577-g60d8699 (webtiles) character file.

120 Heleg the Covered (level 4, -5/41 HPs)
             Began as a Minotaur Fighter on Feb 6, 2017.
             Slain by RayJames's ghost (7 damage)
             ... on level 3 of the Dungeon.
             The game lasted 00:19:35 (2079 turns).

Heleg the Covered (Minotaur Fighter)                Turns: 2079, Time: 00:19:36

Health: -5/41      AC:  9    Str: 27    XL:     4   Next: 75%
Magic:  3/3        EV:  8    Int:  5    God:
Gold:   136        SH: 10    Dex:  9    Spells: 3/3 levels left

rFire    . . .     SeeInvis .   a - +1 long sword
rCold    . . .     Gourm    .   b - +0 scale mail
rNeg     . . .     Faith    .   c - +0 shield
rPois    .         Spirit   .   (helmet restricted)
rElec    .         Reflect  .   (no cloak)
rCorr    .         Harm     .   h - +1 pair of gloves
MR       .....                  (no boots)
Stlth    ..........             (no amulet)
Regen    0.2/turn               (no ring)
                                (no ring)

@: mighty
A: retaliatory headbutt, horns 2
a: no special abilities


You were on level 3 of the Dungeon.
You were not hungry.

You visited 1 branch of the dungeon, and saw 3 of its levels.

You collected 136 gold pieces.

Inventory:

Hand Weapons
 a - a +1 long sword (weapon)
Armour
 b - a +0 scale mail (worn)
 c - a +0 shield (worn)
 h - a +1 pair of gloves (worn)
Jewellery
 m - an uncursed ring of magical power
Scrolls
 e - a scroll of fog
 i - 2 scrolls of teleportation
 k - a scroll of magic mapping
 l - a scroll of identify
Potions
 d - a potion of might
 j - a potion of curing
Comestibles
 f - 2 bread rations
 g - 4 fruits


   Skills:
 + Level 4.4 Fighting
 + Level 3.8 Long Blades
 + Level 4.6 Armour
 + Level 0.4 Dodging
 + Level 0.1 Stealth
 + Level 4.3 Shields


You had 3 spell levels left.
You didn't know any spells.

Dungeon Overview and Level Annotations

Branches:
Dungeon (3/15)

Altars:

Annotations:
D:3 RayJames's ghost, novice HuFi


Innate Abilities, Weirdness & Mutations

You reflexively headbutt those who attack you in melee.
You have a pair of horns on your head.


Message History

RayJames's ghost is almost destroyed.
RayJames's ghost hits you!
You barely miss RayJames's ghost.
RayJames's ghost is almost destroyed.
RayJames's ghost hits you!
* * * LOW HITPOINT WARNING * * *
You hit RayJames's ghost.
RayJames's ghost is almost destroyed.
RayJames's ghost hits you.
* * * LOW HITPOINT WARNING * * *
RayJames's ghost barely misses you.
You riposte.
You hit RayJames's ghost but do no damage.
RayJames's ghost is almost destroyed.
You barely miss RayJames's ghost.
RayJames's ghost is almost destroyed.
RayJames's ghost closely misses you.
You barely miss RayJames's ghost.
RayJames's ghost is almost destroyed.
RayJames's ghost hits you!
You die...

##.........# #.# #.........## #.#
#..######## #.# #..# ###.# ...#
#...#
#..##########################.#.#
#..#..........................#.#
##.#.####.####.####.####.####.#.#
#.# #.# +?'@.#.# +.+ #.#.# #.#
#.# #.#W.#.# #.# #.#.# #.# #.#
#.#'##.# #.# #.#.# #.# ...
........ ... ..#.# #.# #.#
##.#+##.# #.# #.# #.# #.# #.# #.#
#.# #.# #.#.# #.# #.#.## #.#
#.#..


You could see RayJames's ghost.

Vanquished Creatures
  5 gnolls
  2 adders (D:2)
  A worm (D:3)
  3 dart slugs (D:2)
  A leopard gecko (D:2)
  A ball python (D:3)
  10 bats
  2 giant cockroaches
  5 goblins
  3 hobgoblins
  2 quokkas (D:2)
  4 frilled lizards
  5 kobolds
  2 rats
46 creatures vanquished.

Notes
Turn   | Place    | Note
-------+----------+-------------------------------------------
     0 | D:1      | Heleg the Minotaur Fighter began the quest for the Orb.
     0 | D:1      | Reached XP level 1. HP: 19/19 MP: 0/0
   109 | D:1      | Reached XP level 2. HP: 22/27 MP: 1/1
   740 | D:2      | Reached XP level 3. HP: 33/33 MP: 2/2
  1256 | D:2      | Reached XP level 4. HP: 41/41 MP: 3/3
  1579 | D:3      | Noticed RayJames's ghost (novice HuFi)
  1634 | D:3      | HP: 1/41 [RayJames's ghost (11)]
  2077 | D:3      | HP: 2/41 [RayJames's ghost (4)]
  2079 | D:3      | Slain by RayJames's ghost

Vault maps used:
D:1:      dpeg_arrival_orchard, serial_forest, infiniplex_forest_end_3,
          infiniplex_forest_lined_room_2, infiniplex_forest_lined_3_way,
          infiniplex_forest_lined_corner, infiniplex_forest_fountain,
          infiniplex_forest_side_room, infiniplex_forest_lined_room_2,
          hangedman_decor_points
D:3:      minmay_door_path, first_bread

Skill      XL: |  1  2  3 |
---------------+----------+-----
Armour         | 4 |  4.6
Fighting       | 4 |  4.4
Shields        | 4 |  4.3
Long Blades    | 3 |  3.8
Dodging        | |  0.4
Stealth        | |  0.1

Action                   |  1- 3 |  4- 6 || total
-------------------------+-------+-------++-------
Melee: Long sword        |    68 |    57 ||   125
       Headbutt          |     9 |    11 ||    20
  Use: Scroll            |    10 |     1 ||    11
       Potion            |     4 |     1 ||     5
  Eat: Bread ration      |     1 |       ||     1
       Fruit             |     1 |       ||     1
Armor: Scale mail        |    45 |    18 ||    63
Dodge: Dodged            |    24 |    12 ||    36
Block: Shield            |    43 |    21 ||    64
       Rpst.: Long sword |     7 |     4 ||    11
